[Event "XIX Sants Open 2017"]
[Site "Cotxeres de Sants"]
[Date "2017.08.21"]
[Round "4"]
[White "Petit Montes, Marc"]
[Black "Sole Gonzalez, Edgar"]
[Result "1-0"]
[ECO "C45"]
[WhiteElo "1948"]
[BlackElo "1866"]
[Annotator "NA"]
[PlyCount "41"]
[EventDate "2017.??.??"]
[EventType "swiss"]
[EventCountry "ESP"]
[SourceTitle "playchess.com"]
[Source "ChessBase"]
[SourceQuality "1"]
[TimeControl "40/5400+30:1800+30"]

1. e4 e5 2. Nf3 Nc6 3. d4 exd4 4. Nxd4 Bc5 5. Be3 Bb6 6. Nf5 Qf6 7. Nc3 Nge7 8. Bxb6 axb6 9. Ne3 d6 10. Nb5 Kd8 11. Be2 Bd7 12. O-O Na7 13. Nc3 g6 14. Qd2 Ke8 15. Ned5 Nxd5 16. Nxd5 Qd8 17. Qd4 Rf8 18. Nf6+ Ke7 19. e5 Nc6 20. exd6+ cxd6 21. Qh4 1-0

[Event "XIX Sants Open 2017"]
[Site "Cotxeres de Sants"]
[Date "2017.08.21"]
[Round "4"]
[White "Muhammad, Qasim"]
[Black "Marza Vendrell, Conrado"]
[Result "1/2-1/2"]
[ECO "C17"]
[WhiteElo "1850"]
[BlackElo "1943"]
[Annotator "NA"]
[PlyCount "88"]
[EventDate "2017.??.??"]
[EventType "swiss"]
[EventCountry "ESP"]
[SourceTitle "playchess.com"]
[Source "ChessBase"]
[SourceQuality "1"]
[TimeControl "40/5400+30:1800+30"]

1. e4 e6 2. d4 d5 3. Nc3 Bb4 4. e5 c5 5. Qg4 Ne7 6. dxc5 Bxc3+ 7. bxc3 Nbc6 8. Nf3 Ng6 9. Bd3 Qc7 10. O-O Bd7 11. Re1 O-O-O 12. Qg3 Rdg8 13. Bd2 f5 14. exf6 Qxg3 15. hxg3 gxf6 16. Nd4 Nd8 17. c4 Ne7 18. cxd5 Nxd5 19. Bc4 Nc7 20. Ba5 Re8 21. Rab1 e5 22. Nb5 Nxb5 23. Bxb5 Bxb5 24. Rxb5 Nc6 25. Bc3 Rd8 26. Reb1 Rd7 27. a4 Rhd8 28. Kf1 Rd1+ 29. Ke2 Nd4+ 30. Bxd4 Rxb1 31. Rxb1 Rxd4 32. Rh1 Rxa4 33. Rxh7 Rc4 34. Kd3 Rxc5 35. Rf7 Rc6 36. c3 a5 37. Kc2 a4 38. Kb2 b5 39. g4 Kd8 40. g5 fxg5 41. Rf5 Rc5 42. Rxg5 Ke7 43. f4 Ke6 44. g4 Rd5 1/2-1/2

[Event "XIX Sants Open 2017"]
[Site "Cotxeres de Sants"]
[Date "2017.08.21"]
[Round "4"]
[White "Fabregas Fontanet, Antonio"]
[Black "Casset Bello, Elena"]
[Result "1/2-1/2"]
[ECO "C86"]
[WhiteElo "1834"]
[BlackElo "1936"]
[Annotator "NA"]
[PlyCount "70"]
[EventDate "2017.??.??"]
[EventType "swiss"]
[EventCountry "ESP"]
[SourceTitle "playchess.com"]
[Source "ChessBase"]
[SourceQuality "1"]
[TimeControl "40/5400+30:1800+30"]

1. e4 e5 2. Nf3 Nc6 3. Bb5 a6 4. Ba4 Nf6 5. O-O Be7 6. Qe2 b5 7. Bb3 O-O 8. c3 d6 9. h3 Bb7 10. d4 Re8 11. dxe5 Nxe5 12. Nxe5 dxe5 13. Bc2 c5 14. Nd2 Qc7 15. Nf3 c4 16. Nh4 Nxe4 17. Nf5 Nf6 18. Bg5 Qc6 19. Nxe7+ Rxe7 20. f3 Ree8 21. Rae1 h6 22. Bc1 Rad8 23. Qf2 Qd6 24. Rd1 Qe7 25. Rxd8 Qxd8 26. Qg3 Kh8 27. Be3 Qe7 28. Re1 Qd7 29. Qh4 Qc6 30. Re2 Ba8 31. Qg3 Bb7 32. Bc1 Qd6 33. Qh4 Qc6 34. Be3 Ba8 35. Bc1 Bb7 1/2-1/2

[Event "XIX Sants Open 2017"]
[Site "Cotxeres de Sants"]
[Date "2017.08.21"]
[Round "4"]
[White "Lopez Arjona, Emilio"]
[Black "Abdelkader Garstka, Adam"]
[Result "1-0"]
[ECO "B40"]
[WhiteElo "1547"]
[BlackElo "1612"]
[Annotator "NA RC"]
[PlyCount "87"]
[EventDate "2017.??.??"]
[EventType "swiss"]
[EventCountry "ESP"]
[SourceTitle "playchess.com"]
[Source "ChessBase"]
[SourceQuality "1"]
[TimeControl "40/5400+30:1800+30"]

1. e4 c5 2. Nf3 e6 3. d4 cxd4 4. Nxd4 Nf6 5. Bd3 Nc6 6. Be3 d5 7. Nxc6 bxc6 8. e5 Nd7 9. Bf4 Ba6 10. O-O Bxd3 11. Qxd3 Be7 12. Re1 O-O 13. Qg3 Bh4 14. Qc3 Bg5 15. Be3 c5 16. Bxg5 Qxg5 17. Qe3 Qf5 18. Qe2 Rab8 19. c3 Nb6 20. b3 c4 21. Na3 cxb3 22. axb3 Nd7 23. Nc2 Rb7 24. Nd4 Qg5 25. Nf3 Qe7 26. Ra5 Rc8 27. Rc1 Rxb3 28. Rxa7 Rbxc3 29. Rxc3 Rxc3 30. Ra8+ Nf8 31. g3 Qb7 32. Ra2 Ng6 33. Kg2 h6 34. Rb2 Qc7 35. h4 Rc4 36. h5 Re4 37. Qb5 Nf8 38. Qe8 Qd7 39. Qa8 g6 40. Rb8 Qe7 41. Rb7 Qc5 42. Qe8 Kh8 43. Qxf7 Nd7 44. Rxd7 1-0

[Event "XIX Sants Open 2017"]
[Site "Cotxeres de Sants"]
[Date "2017.08.21"]
[Round "4"]
[White "Maza Navarro, Llorens"]
[Black "Riera Mestres, Josep"]
[Result "1-0"]
[ECO "B06"]
[WhiteElo "1542"]
[BlackElo "1568"]
[Annotator "NA"]
[PlyCount "59"]
[EventDate "2017.??.??"]
[EventType "swiss"]
[EventCountry "ESP"]
[SourceTitle "playchess.com"]
[Source "ChessBase"]
[SourceQuality "1"]
[TimeControl "40/5400+30:1800+30"]

1. d4 g6 2. e4 Bg7 3. Nf3 d6 4. Bc4 e6 5. Nc3 Ne7 6. O-O O-O 7. Bg5 h6 8. Be3 c6 9. d5 e5 10. Nd2 Kh7 11. Be2 Nd7 12. Nc4 cxd5 13. Nxd5 Nxd5 14. Qxd5 Nf6 15. Qxd6 Nxe4 16. Qxd8 Rxd8 17. f3 Nd6 18. Rad1 Nxc4 19. Bxc4 Rf8 20. Bc5 Rh8 21. Bxf7 b6 22. Bd5 Ba6 23. Rfe1 bxc5 24. Bxa8 Rxa8 25. Rd7 Bc4 26. b3 Bg8 27. Rxe5 Kh8 28. Rxc5 Be6 29. Rd1 Rc8 30. Rxc8+ 1-0

[Event "XIX Sants Open 2017"]
[Site "Cotxeres de Sants"]
[Date "2017.08.21"]
[Round "4"]
[White "Lopez Oliva, Victor"]
[Black "Romero Gamez, Francisco Javier"]
[Result "1-0"]
[ECO "B21"]
[WhiteElo "1530"]
[BlackElo "1548"]
[Annotator "NA"]
[PlyCount "25"]
[EventDate "2017.??.??"]
[EventType "swiss"]
[EventCountry "ESP"]
[SourceTitle "playchess.com"]
[Source "ChessBase"]
[SourceQuality "1"]
[TimeControl "40/5400+30:1800+30"]

1. e4 c5 2. d4 cxd4 3. c3 dxc3 4. Nxc3 Nc6 5. Nf3 d6 6. Bc4 Nf6 7. O-O e6 8. Qe2 Be7 9. Rd1 Qb6 10. Nb5 Na5 11. Be3 Qc6 12. Nxd6+ Bxd6 13. Bb5 1-0

[Event "XIX Sants Open 2017"]
[Site "Cotxeres de Sants"]
[Date "2017.08.22"]
[Round "5"]
[White "Sukandar, Irine Kharisma"]
[Black "Sole Pijuan, Ferran"]
[Result "1-0"]
[ECO "D00"]
[WhiteElo "2400"]
[BlackElo "2216"]
[Annotator "NA"]
[PlyCount "53"]
[EventDate "2017.??.??"]
[EventType "swiss"]
[EventCountry "ESP"]
[SourceTitle "playchess.com"]
[Source "ChessBase"]
[SourceQuality "1"]
[TimeControl "40/5400+30:1800+30"]

1. d4 d5 2. Bf4 Nf6 3. e3 Bf5 4. c4 c6 5. Nc3 Qb6 6. Qb3 Nbd7 {[%emt 0:01:36] LiveBook: 8 Games} 7. Nf3 e6 8. c5 Qxb3 9. axb3 a6 {[%emt 0:00:09] D02: 1 d4 d5 2 Nf3 sidelines, including 2...Nf6 3 g3 and 2...Nf6 3 Bf4} 10. b4 Rc8 11. h3 Be7 12. Nd2 $146 Bd8 13. Nb3 Bc7 14. Bxc7 Rxc7 15. b5 O-O $2 {[%emt 0:10:03] [#]} (15... Nb8 $16) 16. b6 $18 ({Less strong is} 16. bxa6 Ra8 $14) 16... Rcc8 17. Na5 Rb8 18. Bxa6 bxa6 19. Nxc6 Rb7 20. Rxa6 Nb8 21. Nxb8 Rfxb8 22. Kd2 Ne4+ 23. Nxe4 dxe4 24. g4 Bg6 25. Rc1 Rf8 26. c6 Rbb8 27. c7 1-0

[Event "XIX Sants Open 2017"]
[Site "Cotxeres de Sants"]
[Date "2017.08.22"]
[Round "5"]
[White "Boix Moreno, Daniel"]
[Black "Garriga Cazorla, Pere"]
[Result "1/2-1/2"]
[ECO "B30"]
[WhiteElo "2300"]
[BlackElo "2405"]
[Annotator "ChessBase"]
[PlyCount "74"]
[EventDate "2017.??.??"]
[EventType "swiss"]
[EventCountry "ESP"]
[SourceTitle "playchess.com"]
[Source "ChessBase"]
[SourceQuality "1"]
[TimeControl "40/5400+30:1800+30"]

1. e4 c5 2. Nf3 Nc6 3. Bb5 a6 4. Bxc6 dxc6 5. d3 Qc7 6. Nbd2 e5 7. Nc4 f6 8. Bd2 a5 9. a4 Ne7 10. Nh4 Be6 11. Qf3 b6 12. b3 O-O-O 13. Ne3 Kb7 14. g3 Qd7 15. Nhf5 Nc8 16. Nc4 g6 17. Nfe3 Bg7 18. Bc3 Nd6 19. O-O-O Rhe8 20. Qe2 Bg8 21. Kb2 Kc7 22. Nxd6 Qxd6 23. Nc4 Qe7 24. Qe3 Kb7 25. Ra1 f5 26. f3 Qf8 27. Qe2 h5 28. Rhg1 Rd7 29. g4 Bxc4 30. dxc4 hxg4 31. fxg4 f4 32. Raf1 Bf6 33. g5 Bd8 34. h4 Rh7 35. Be1 Bc7 36. Qf3 Rd8 37. Bf2 Rhd7 1/2-1/2

[Event "XIX Sants Open 2017"]
[Site "Cotxeres de Sants"]
[Date "2017.08.22"]
[Round "5"]
[White "Marza Vendrell, Conrado"]
[Black "Zverev, Lev"]
[Result "0-1"]
[ECO "C26"]
[WhiteElo "1943"]
[BlackElo "1372"]
[Annotator "NA"]
[PlyCount "97"]
[EventDate "2017.??.??"]
[EventType "swiss"]
[EventCountry "ESP"]
[SourceTitle "playchess.com"]
[Source "ChessBase"]
[SourceQuality "1"]
[TimeControl "40/5400+30:1800+30"]

1. e4 e5 2. Nc3 Nf6 3. f4 d6 4. Nf3 Nc6 5. d3 Be7 6. Be2 O-O 7. O-O Nd4 8. Nxd4 exd4 9. Nb5 c5 10. c4 a6 11. Na3 Rb8 12. Kh1 b5 13. b3 bxc4 $11 14. Nxc4 d5 15. exd5 Nxd5 16. Bf3 f5 17. Bd2 Bb7 18. Re1 Bf6 19. Ne5 Re8 20. Rc1 Rc8 21. Qe2 Bxe5 22. fxe5 g6 23. Qf2 Qd7 24. Qg3 Nb6 25. e6 Qg7 26. Bh6 Qxh6 27. Bxb7 Rcd8 28. Rxc5 f4 29. Qf3 Qh4 30. Rcc1 Re7 31. Qe4 Rd6 32. Bc8 Rd8 33. g3 Qh6 34. Qxf4 Qxf4 35. gxf4 Rxc8 36. Rxc8+ Nxc8 37. Re4 Kg7 38. Kg2 Nd6 39. Rxd4 Rxe6 40. Ra4 Nb5 41. Kf2 Kf6 42. Rc4 Kf5 43. Kf3 Rd6 44. Ke3 Re6+ 45. Kf3 Re1 46. Rc5+ Kf6 47. Rc6+ Re6 48. Rc4 Nd6 49. d4 0-1

[Event "XIX Sants Open 2017"]
[Site "Cotxeres de Sants"]
[Date "2017.08.22"]
[Round "5"]
[White "Garcia Ruiz, Adrian"]
[Black "Urgel Yvorra, Marc"]
[Result "1/2-1/2"]
[ECO "B48"]
[WhiteElo "1940"]
[BlackElo "1857"]
[Annotator "NA"]
[PlyCount "48"]
[EventDate "2017.??.??"]
[EventType "swiss"]
[EventCountry "ESP"]
[SourceTitle "playchess.com"]
[Source "ChessBase"]
[SourceQuality "1"]
[TimeControl "40/5400+30:1800+30"]

1. e4 c5 2. Nf3 e6 3. d4 cxd4 4. Nxd4 Nc6 5. Nc3 Qc7 6. Be3 a6 7. Qd2 Nf6 8. f3 Ne5 9. O-O-O Bb4 10. Kb1 d5 11. Bd3 Nxd3 12. cxd3 e5 13. Nde2 d4 14. Nxd4 exd4 15. Bxd4 Be6 16. Qg5 Qa5 17. Qxg7 Rg8 18. Qxf6 Bxc3 19. Bxc3 Qxa2+ 20. Kc1 Rxg2 21. Rd2 Qa1+ 22. Kc2 Qa4+ 23. Kc1 Qa1+ 24. Kc2 Qa4+ 1/2-1/2

[Event "XIX Sants Open 2017"]
[Site "Cotxeres de Sants"]
[Date "2017.08.22"]
[Round "5"]
[White "Fernandez Felguera, Agustin"]
[Black "Petit Montes, Marc"]
[Result "0-1"]
[ECO "B10"]
[WhiteElo "1924"]
[BlackElo "1948"]
[Annotator "NA RC"]
[PlyCount "83"]
[EventDate "2017.??.??"]
[EventType "swiss"]
[EventCountry "ESP"]
[SourceTitle "playchess.com"]
[Source "ChessBase"]
[SourceQuality "1"]
[TimeControl "40/5400+30:1800+30"]

1. e4 c6 2. c4 d5 3. exd5 cxd5 4. cxd5 Qxd5 5. Nc3 Qd8 6. d4 Nf6 7. Bc4 e6 8. Nf3 Nc6 9. O-O Be7 10. Bg5 O-O 11. a3 a6 12. Qd3 b5 13. Bb3 Bb7 14. Bc2 g6 {[%emt 0:01:52] D27: Queen's Gambit Accepted: Classical main line: 7 e4!? and 7 a4} 15. Rad1 (15. Rfd1 Rc8 16. Rac1 Na5 17. Bh6 Re8 18. Ne5 Nc4 19. Nxc4 Rxc4 20. Bb3 Rc7 21. Bf4 Bd6 22. Qe3 Bd5 23. Bc2 Bxf4 24. Qxf4 Qe7 25. Rd3 Bc4 26. Rh3 e5 27. dxe5 Qxe5 28. Qxe5 Rxe5 29. f4 {½-½ (28) Baumbach,F (2454)-Pereira,A (2505) ICCF email 2007}) 15... Nd5 16. Ne4 $146 ({Find the theoretical novelty and annotate with similar games:} 16. Bxe7 Ncxe7 17. Ne4 Nf5 18. Ne5 Qh4 19. Qf3 Qf4 20. Qh3 h5 21. g3 Qh6 22. Nc5 {1-0 (50) Murtazin,B (2173)-Ly,D (1872) Budva 2013}) 16... Bxg5 17. Nfxg5 Nce7 18. Nc5 Bc6 19. Qh3 h5 20. f4 Nf5 21. Bxf5 exf5 22. Qg3 Re8 23. Rfe1 Rxe1+ 24. Rxe1 Nf6 25. Qf2 Qd6 26. Qd2 a5 27. Rf1 Rd8 28. Nf3 $2 (28. Rd1 {is tougher.}) 28... Bxf3 $1 29. Rxf3 Qxc5 30. dxc5 Rxd2 31. Rb3 {[%emt 0:00:06] [#]} b4 $1 32. axb4 axb4 33. Rxb4 Ne4 34. g3 Nxc5 35. Rb8+ Kg7 36. b4 Nd7 37. Rd8 Kf6 38. Rc8 Rb2 39. Rc4 Ke6 40. Rc6+ Kd5 41. Rc7 Kd6 42. Rc4 $19 0-1

[Event "XIX Sants Open 2017"]
[Site "Cotxeres de Sants"]
[Date "2017.08.22"]
[Round "5"]
[White "Puig Cruz, Albert"]
[Black "Lopez Oliva, Victor"]
[Result "0-1"]
[ECO "B01"]
[WhiteElo "1581"]
[BlackElo "1530"]
[Annotator "NA RC"]
[PlyCount "124"]
[EventDate "2017.??.??"]
[EventType "swiss"]
[EventCountry "ESP"]
[SourceTitle "playchess.com"]
[Source "ChessBase"]
[SourceQuality "1"]
[TimeControl "40/5400+30:1800+30"]

1. e4 d5 2. exd5 Qxd5 3. Nc3 Qa5 4. d4 Nf6 5. Nf3 Bf5 6. Bc4 c6 7. Bd2 e6 8. Bb3 Nbd7 9. Qe2 Bb4 10. Nh4 Bg6 11. Nxg6 hxg6 12. O-O-O O-O-O 13. Ne4 Bxd2+ 14. Rxd2 Nxe4 15. Qxe4 Nf6 16. Qe2 Qc7 17. g3 Rd6 18. c3 Rdd8 19. f3 Nd5 20. Re1 Rh5 21. Qf2 Kb8 22. Kb1 Nf6 23. Rde2 Rdh8 24. h4 g5 25. hxg5 Rxg5 26. f4 Rgh5 27. Qf3 Nd5 28. Bc2 Qe7 29. Be4 Qf6 30. Qd3 g6 31. a3 Rh3 32. Bxd5 cxd5 33. Qf3 g5 34. Rg2 gxf4 35. Qxf4+ Qxf4 36. gxf4 Rf3 37. Rg4 Rh6 38. Reg1 Rf6 39. R1g2 R3xf4 40. Rxf4 Rxf4 41. Kc2 Kc7 42. Kd3 Kd6 43. Ke2 a6 44. Rg7 Kc6 45. Rg8 f6 46. Rg7 e5 47. dxe5 fxe5 48. Re7 e4 49. Rg7 Rf3 50. Re7 Rh3 51. Rf7 Rh2+ 52. Rf2 Rxf2+ 53. Kxf2 Kc5 54. b3 d4 55. Ke2 dxc3 56. Ke3 c2 57. Kd2 Kd4 58. Kxc2 e3 59. Kd1 Kd3 60. b4 b5 61. Ke1 e2 62. Kf2 Kd2 0-1

[Event "XIX Sants Open 2017"]
[Site "Cotxeres de Sants"]
[Date "2017.08.22"]
[Round "5"]
[White "Lopez Arjona, Emilio"]
[Black "Maza Navarro, Llorens"]
[Result "1/2-1/2"]
[ECO "B76"]
[WhiteElo "1547"]
[BlackElo "1542"]
[Annotator "NA RC"]
[PlyCount "163"]
[EventDate "2017.??.??"]
[EventType "swiss"]
[EventCountry "ESP"]
[SourceTitle "playchess.com"]
[Source "ChessBase"]
[SourceQuality "1"]
[TimeControl "40/5400+30:1800+30"]

1. e4 c5 2. Nf3 d6 3. d4 cxd4 4. Nxd4 Nf6 5. Nc3 g6 6. Be3 Bg7 7. f3 O-O 8. Qd2 Re8 9. O-O-O a6 10. h4 h5 11. Bc4 Nc6 12. Bb3 Bd7 13. Nde2 Na5 14. Kb1 Nxb3 15. cxb3 Qa5 16. Nf4 Rac8 17. Nfd5 Nxd5 18. Nxd5 Qxd2 19. Rxd2 Bc6 20. Nb6 Rb8 21. Rhd1 Kh7 22. Rd3 Bb5 23. R3d2 Bh6 24. Bxh6 Kxh6 25. f4 Bc6 26. Re1 Rbd8 27. g3 e6 28. Nc4 d5 29. Ne5 Kg7 30. exd5 Rxd5 31. Rxd5 exd5 32. Kc1 f6 33. Nd3 Rxe1+ 34. Nxe1 Kf7 35. Nc2 Ke6 36. Nd4+ Kd6 37. b4 b5 38. Kd2 f5 39. Ke3 Bd7 40. Nf3 Be6 41. Kd4 Bf7 42. Ne5 Be8 43. Nd3 Bd7 44. b3 Be6 45. Ne5 Kc7 46. Nxg6 Kb6 47. Nf8 Bg8 48. Nd7+ Kc6 49. Ne5+ Kd6 50. a4 Be6 51. Nd3 Bd7 52. a5 Bc8 53. Nf2 Be6 54. Nd1 Bf7 55. Nb2 Be6 56. Nd3 Bc8 57. Nc5 Kc6 58. Ke5 d4 59. Kxd4 Kd6 60. Nd3 Be6 61. Ne5 Bxb3 62. Nd3 Be6 63. Nf2 Bf7 64. Nd1 Bd5 65. Kd3 Be4+ 66. Kc3 Bf3 67. Ne3 Be4 68. Kd4 Bb1 69. Nd5 Be4 70. Nf6 Bf3 71. Ne8+ Ke7 72. Nc7 Bb7 73. Ke5 Bc8 74. Nxa6 Bxa6 75. Kxf5 Bb7 76. Ke5 Bc6 77. Kd4 Kd6 78. a6 Bf3 79. a7 Kc7 80. f5 Kb7 81. f6 Kxa7 82. f7 1/2-1/2

[Event "XIX Sants Open 2017"]
[Site "Cotxeres de Sants"]
[Date "2017.08.22"]
[Round "5"]
[White "Segura Ruiz, Carlos"]
[Black "Aparicio Escudero, Hector F"]
[Result "1-0"]
[ECO "A01"]
[WhiteElo "1414"]
[BlackElo "1641"]
[Annotator "NA RC"]
[PlyCount "167"]
[EventDate "2017.??.??"]
[EventType "swiss"]
[EventCountry "ESP"]
[SourceTitle "playchess.com"]
[Source "ChessBase"]
[SourceQuality "1"]
[TimeControl "40/5400+30:1800+30"]

1. b3 e5 2. Bb2 Nc6 3. e3 d6 4. Bb5 Bd7 5. d4 exd4 6. exd4 Qg5 7. Qe2+ Nge7 8. g3 Qd5 9. Nf3 Bg4 10. Nbd2 O-O-O 11. O-O-O Nf5 12. Bxc6 Qxc6 13. h3 Bxf3 14. Nxf3 Re8 15. Qd3 Qd7 16. g4 Ne7 17. d5 Ng6 18. Kb1 Ne5 19. Nxe5 dxe5 20. Rhe1 Bd6 21. Re2 h6 22. Rde1 f6 23. Qg6 Rhf8 24. f4 Bb4 25. c3 Bd6 26. Re4 Qf7 27. Qxf7 Rxf7 28. f5 Rd8 29. h4 Rfd7 30. Kc2 Bc5 31. b4 Bf2 32. R1e2 Bxh4 33. c4 Bg5 34. Bc1 Bxc1 35. Kxc1 c6 36. Rc2 cxd5 37. cxd5+ Rc7 38. Rec4 Rxc4 39. Rxc4+ Kd7 40. Kd2 Rc8 41. Rc5 b6 42. Rxc8 Kxc8 43. b5 Kd7 44. Kd3 Kd6 45. Kc4 e4 46. Kd4 e3 47. Kxe3 Kxd5 48. Kd3 Ke5 49. Ke3 h5 50. Kf3 h4 51. a3 Kd5 52. Kg2 Kc5 53. Kh3 Kxb5 54. Kxh4 Ka4 55. Kh5 Kxa3 56. Kg6 b5 57. Kxg7 b4 58. g5 fxg5 59. f6 b3 60. f7 b2 61. f8=Q+ Ka2 62. Qf7+ Kb1 63. Qxa7 Kc1 64. Qc5+ Kd1 65. Qf5 Kc1 66. Qxg5+ Kc2 67. Qf5+ Kc1 68. Qc5+ Kd1 69. Qb4 Kc2 70. Qc4+ Kd2 71. Qb3 Kc1 72. Qc3+ Kb1 73. Kf6 Ka2 74. Qc2 Ka1 75. Qa4+ Kb1 76. Ke5 Kc1 77. Qc4+ Kd1 78. Qb3+ Kc1 79. Qc3+ Kb1 80. Kd4 Ka2 81. Qc2 Ka1 82. Qa4+ Kb1 83. Kc3 Kc1 84. Qc2# 1-0

[Event "XIX Sants Open 2017"]
[Site "Cotxeres de Sants"]
[Date "2017.08.23"]
[Round "6"]
[White "Petit Montes, Marc"]
[Black "Zverev, Lev"]
[Result "1/2-1/2"]
[ECO "C45"]
[WhiteElo "1948"]
[BlackElo "1372"]
[Annotator "NA RC"]
[PlyCount "70"]
[EventDate "2017.??.??"]
[EventType "swiss"]
[EventCountry "ESP"]
[SourceTitle "playchess.com"]
[Source "ChessBase"]
[SourceQuality "1"]
[TimeControl "40/5400+30:1800+30"]

1. e4 e5 2. Nf3 Nc6 3. d4 exd4 4. Nxd4 Bc5 5. Be3 Qf6 6. Nb5 Bxe3 7. fxe3 Qd8 {[%emt 0:01:47] C45: Scotch Game} (7... Qh4+ 8. g3 Qd8 9. Qg4 g5 10. N1c3 d6 11. Qe2 Nf6 12. Bg2 a6 13. Nd4 Ne5 14. h3 Be6 15. O-O-O Qe7 16. Nd5 Nxd5 17. exd5 Bd7 18. Qe1 O-O-O 19. Rf1 {½-½ (19) Simacek,P (2441)-Malaniuk,V (2462) Ceske Budejovice 2015}) 8. Qg4 g6 9. Qf4 d6 10. Bc4 Be6 11. Bxe6 fxe6 12. O-O Nge7 13. N1c3 ({Much weaker is} 13. Qf7+ $6 Kd7 $11) 13... a6 (13... g5 $16 {was worth a try.} 14. Qxg5 Kd7) 14. Nd4 Nxd4 15. exd4 Kd7 $146 16. Qf7 $2 (16. Qg4 $18) 16... Qf8 17. d5 Qxf7 18. Rxf7 Raf8 19. Raf1 Rxf7 20. Rxf7 e5 21. Nd1 Ke8 22. Rf3 Rf8 23. Kf2 Rxf3+ 24. Kxf3 Kf7 25. c4 Ng8 26. b4 Nf6 27. a4 Ke7 28. a5 Kd7 29. Ne3 Ke7 30. Ng4 Ng8 31. g3 Kd7 32. Ne3 Nf6 33. Ng4 Ng8 34. Ne3 Nf6 35. Ng4 $11 Ke8 $2 1/2-1/2

[Event "XIX Sants Open 2017"]
[Site "Cotxeres de Sants"]
[Date "2017.08.23"]
[Round "6"]
[White "Alonso Gomez, Raul"]
[Black "Casset Bello, Elena"]
[Result "*"]
[ECO "B52"]
[WhiteElo "1938"]
[BlackElo "1936"]
[Annotator "NA RC"]
[PlyCount "35"]
[EventDate "2017.??.??"]
[EventType "swiss"]
[EventCountry "ESP"]
[SourceTitle "playchess.com"]
[Source "ChessBase"]
[SourceQuality "1"]
[TimeControl "40/5400+30:1800+30"]

1. e4 c5 2. Nf3 d6 3. Bb5+ Bd7 4. Bxd7+ Nxd7 5. O-O Ngf6 6. Qe2 Rc8 7. b3 g6 8. Bb2 Bg7 9. d4 cxd4 10. Nxd4 O-O 11. c4 {[%emt 0:00:15] LiveBook: 5 Games} Nc5 12. Nc3 Nfd7 13. Rad1 Re8 14. Kh1 a6 $14 15. Qe3 Nf6 16. f3 Qb6 17. Qe2 e6 18. Rfe1 *

[Event "XIX Sants Open 2017"]
[Site "Cotxeres de Sants"]
[Date "2017.08.23"]
[Round "6"]
[White "Alonso Gomez, Raul"]
[Black "Casset Bello, Elena"]
[Result "0-1"]
[ECO "A06"]
[WhiteElo "1938"]
[BlackElo "1936"]
[Annotator "NA RC"]
[PlyCount "66"]
[EventDate "2017.??.??"]
[EventType "swiss"]
[EventCountry "ESP"]
[SourceTitle "playchess.com"]
[Source "ChessBase"]
[SourceQuality "1"]
[TimeControl "40/5400+30:1800+30"]

1. b3 d5 2. Nf3 Nf6 3. Bb2 e6 4. e3 Be7 5. c4 O-O 6. cxd5 exd5 7. Be2 c5 8. O-O Nc6 9. d4 Bg4 10. Nbd2 Re8 11. Rc1 cxd4 12. Nxd4 Bd7 13. N2f3 Nxd4 14. Nxd4 a6 $14 15. Bf3 Ne4 16. Qc2 Rc8 17. Qd3 Rxc1 18. Rxc1 Bd6 19. g3 Qf6 20. Rc2 Qh6 21. Ne2 Bf5 22. Qxd5 Nxg3 23. Rd2 Nxe2+ 24. Rxe2 Qxh2+ 25. Kf1 Bh3+ 26. Ke1 Bb4+ 27. Kd1 Qg1+ 28. Kc2 Rc8+ 29. Kd3 Qb1+ 30. Kd4 Qd1+ 31. Ke4 Qb1+ 32. Kf4 Qg6 33. Be4 Qg4+ {[%emt 0:00:21] Bf3 Qg6} 0-1

[Event "XIX Sants Open 2017"]
[Site "Cotxeres de Sants"]
[Date "2017.08.23"]
[Round "6"]
[White "Sarto Ramos, Angel"]
[Black "Garcia Ruiz, Adrian"]
[Result "0-1"]
[ECO "A48"]
[WhiteElo "1932"]
[BlackElo "1940"]
[Annotator "NA RC"]
[PlyCount "91"]
[EventDate "2017.??.??"]
[EventType "swiss"]
[EventCountry "ESP"]
[SourceTitle "playchess.com"]
[Source "ChessBase"]
[SourceQuality "1"]
[TimeControl "40/5400+30:1800+30"]

1. d4 Nf6 2. Nf3 g6 3. Nc3 d6 4. Bg5 Bg7 5. Qd2 h6 6. Bh4 c6 7. h3 b5 8. e3 Qc7 9. Bd3 Bb7 10. O-O a6 11. Bg3 c5 12. dxc5 Qxc5 $14 13. Rad1 Nbd7 14. a3 O-O 15. Rfe1 Rac8 16. Nd4 Nb6 17. Nb3 Qc7 18. Be2 Nbd5 19. Nxd5 Bxd5 20. Bd3 Ne4 21. Bxe4 Bxe4 22. c3 Rb8 23. f3 Ba8 24. e4 a5 25. Bf2 b4 26. cxb4 axb4 27. a4 Qc4 28. Nd4 Qa6 29. b3 Rfc8 30. Rc1 Qa5 31. Ne2 d5 32. Bd4 dxe4 33. Bxg7 Kxg7 34. fxe4 Rd8 35. Qe3 Qe5 36. Nf4 Rd4 37. Nd3 Qxe4 38. Qxe4 Bxe4 39. Ne5 Bd5 40. Red1 Rxd1+ 41. Rxd1 e6 42. Rc1 f5 43. a5 Rb5 44. a6 Ra5 45. Rc2 Kf6 46. Rb2 {Kf7} 0-1

[Event "XIX Sants Open 2017"]
[Site "Cotxeres de Sants"]
[Date "2017.08.23"]
[Round "6"]
[White "Sarto Ramos, Angel"]
[Black "Garcia Ruiz, Adrian"]
[Result "*"]
[WhiteElo "1932"]
[BlackElo "1940"]
[Annotator "NA RC"]
[PlyCount "29"]
[EventDate "2017.??.??"]
[EventType "swiss"]
[EventCountry "ESP"]
[SourceTitle "playchess.com"]
[Source "ChessBase"]
[SourceQuality "1"]
[TimeControl "40/5400+30:1800+30"]

1. b3 d5 2. Nf3 Nf6 3. Bb2 e6 4. e3 Be7 5. c4 O-O 6. cxd5 exd5 7. Be2 c5 8. O-O Nc6 {[%emt 0:00:40] LiveBook: 35 Games} 9. d4 Bg4 10. Nbd2 Re8 11. Rc1 cxd4 12. Nxd4 Bd7 $14 13. N2f3 Nxd4 14. Nxd4 a6 15. Bf3 *

[Event "XIX Sants Open 2017"]
[Site "Cotxeres de Sants"]
[Date "2017.08.23"]
[Round "6"]
[White "Llombart Baiges, Jaime"]
[Black "Segura Ruiz, Carlos"]
[Result "*"]
[WhiteElo "1622"]
[BlackElo "1414"]
[Annotator "NA RC"]
[PlyCount "36"]
[EventDate "2017.??.??"]
[EventType "swiss"]
[EventCountry "ESP"]
[SourceTitle "playchess.com"]
[Source "ChessBase"]
[SourceQuality "1"]
[TimeControl "40/5400+30:1800+30"]

1. e4 c5 2. d4 cxd4 3. c3 d3 4. Bxd3 e6 5. Nf3 Be7 6. O-O a6 7. Qc2 d6 8. Be3 Nf6 9. Nbd2 Nbd7 10. Nd4 O-O 11. N2f3 Nc5 12. e5 dxe5 13. Nxe5 Nxd3 14. Nxd3 Qc7 15. Nf3 b5 16. Rad1 Bb7 17. Bf4 Qc4 18. b3 Qc8 *

[Event "XIX Sants Open 2017"]
[Site "Cotxeres de Sants"]
[Date "2017.08.23"]
[Round "6"]
[White "Llombart Baiges, Jaime"]
[Black "Segura Ruiz, Carlos"]
[Result "0-1"]
[ECO "B18"]
[WhiteElo "1622"]
[BlackElo "1414"]
[Annotator "NA RC"]
[PlyCount "85"]
[EventDate "2017.??.??"]
[EventType "swiss"]
[EventCountry "ESP"]
[SourceTitle "playchess.com"]
[Source "ChessBase"]
[SourceQuality "1"]
[TimeControl "40/5400+30:1800+30"]

1. e4 c6 2. d4 d5 3. Nc3 dxe4 4. Nxe4 Bf5 5. Bd3 Qxd4 6. Qf3 Bxe4 7. Bxe4 Nf6 8. Bd3 e6 9. Ne2 Qg4 10. Qxg4 Nxg4 11. Bf4 Bc5 12. Bg3 Nd7 13. h3 Nge5 14. O-O-O O-O 15. f4 Nxd3+ 16. Rxd3 Nf6 17. Rhd1 Bb6 18. Bh4 Nd5 19. g3 Ne3 20. R1d2 Nf5 21. Rd1 Nxh4 22. gxh4 Rfd8 23. Rxd8+ Rxd8 24. Rxd8+ Bxd8 25. Kd2 Bxh4 26. Ke3 Kf8 27. b3 Bf6 28. Ke4 g6 29. Nc1 Ke7 30. Nd3 Bg7 31. Nc5 b6 32. Nd3 f5+ 33. Kf3 Kd6 34. c4 c5 35. Ne1 e5 36. fxe5+ Kxe5 37. Nd3+ Kd4 38. Nf4 Kc3 39. Ne6 Bd4 40. Kf4 Kb2 41. Kg5 Be3+ 42. Kf6 Bh6 43. Nf4 0-1